 Dungeon Crawl Stone Soup version 0.30-b1-2-g02819fbbbe (webtiles) character file.

Game seed: 7869691179814203472

37150 falawelle the Severer (level 13, -13/133 HPs)
             Began as a Minotaur Berserker on May 10, 2023.
             Was a Priest of Trog.
             Mangled by a swamp worm (15 damage)
             ... on level 2 of the Swamp.
             The game lasted 02:02:18 (29469 turns).

falawelle the Severer (Minotaur Berserker)         Turns: 29469, Time: 02:02:29

Health: -13/133    AC: 24    Str: 30    XL:     13   Next: 56%
Magic:  0/12       EV: 10    Int:  6    God:    Trog [***...]
Gold:   911        SH:  0    Dex: 11    Spells: 12/12 levels left

rFire   . . .        J - +0 morningstar {'}
rCold   . . .        (no shield)
rNeg    . . .        u - +3 plate armour
rPois   .            P - +0 hat
rElec   .            (no cloak)
rCorr   +            k - +2 pair of gloves
SInv    .            r - +0 pair of boots
Will    .....        E - amulet of guardian spirit Stlth
                     f - ring of resist corrosion
HPRegen 0.42/turn    C - +6 ring of strength
MPRegen 0.13/turn

%: guardian spirit
@: no status effects
A: horns 2, retaliatory headbutt
a: Renounce Religion, Berserk, Trog's Hand


You were on level 2 of the Swamp.
You worshipped Trog.
Trog was most pleased with you.
You visited 3 branches of the dungeon, and saw 18 of its levels.
You also visited: Bailey and Gauntlet.

You collected 911 gold pieces.

Inventory:

Hand Weapons
 t - a +0 spectral battleaxe {'}
 I - a +0 war axe of electrocution
 J - a +0 morningstar (weapon) {'}
 K - a +0 short sword
Missiles
 l - 2 throwing nets (quivered)
Armour
 k - a +2 pair of gloves (worn)
 r - a +0 pair of boots (worn)
 u - a +3 plate armour (worn)
 P - a +0 hat (worn)
Magical Staves
 A - a staff of death
Jewellery
 d - the amulet "Wiojiwki" {RegenMP Will+ SInv}
   (You found it on level 13 of the Dungeon)

   [amulet of magic regeneration]

   It increases your rate of magic regeneration.
   SInv:      It lets you see invisible.
   Will:      It increases your willpower.
 f - a ring of resist corrosion (left hand)
 C - a +6 ring of strength (right hand)
 E - an amulet of guardian spirit (around neck)
 F - a ring of see invisible
 G - a ring of flight
 L - a ring of protection from cold
 M - a ring of protection from cold
Wands
 b - a wand of flame (32)
 g - a wand of mindburst (26)
 y - a wand of charming (17)
Scrolls
 e - a scroll of magic mapping
 o - 2 scrolls of blinking
 p - 3 scrolls of teleportation
 x - a scroll of enchant weapon
 B - a scroll of butterflies
 D - a scroll of fear
 H - a scroll of fog
 N - 4 scrolls of identify
Potions
 a - 4 potions of flight
 c - 3 potions of cancellation
 h - 3 potions of attraction
 i - 5 potions of berserk rage
 j - a potion of heal wounds
 m - a potion of haste {unknown}
 n - 2 potions of lignification
 q - 2 potions of degeneration
 s - 5 potions of curing
 v - 5 potions of resistance
 w - 4 potions of magic
 z - 4 potions of might
 O - 2 potions of ambrosia {unknown}


   Skills:
 * Level 17.5 Fighting
 * Level 17.5 Axes
 + Level 13.0 Armour
 - Level 4.7 Dodging


You had 12 spell levels left.
You didn't know any spells.
Your spell library was empty.

Dungeon Overview and Level Annotations

Branches:
Dungeon (13/15)            Temple (0/1) D:4            Lair (3/5) D:9
  Swamp (2/4) Lair:3          Orc (0/2) D:12         Bailey (visited)
Gauntlet (visited)
  Snake: Lair:2-3    Spider: Lair:2-3    Vaults: D:13-14

Altars:
Dithmenos
Fedhas
Gozag
Hepliaklqana
Okawaru
Qazlal
Ru
Trog
Uskayaw
Vehumet
Xom
Yredelemnul
Zin
The Shining One

Shops:
D:1 [   D:13 *

Annotations:
D:9 3 runed translucent doors, diceflayer's ghost, novice DsHu
Swamp:1 1 runed translucent door, Zachydoop's ghost, journeyman DsGl


Innate Abilities, Weirdness & Mutations

You have a pair of horns on your head.
You reflexively headbutt those who attack you in melee.


Message History

The swamp worm fires a harpoon shot at you.
The harpoon shot hits you!
You are yanked forward by the harpoon shot.
The swamp worm closely misses you. You furiously retaliate!
You headbutt the swamp worm, but do no damage.
Found a potion of curing.
You feel better.
The swamp worm bites you but does no damage.
The swamp worm closely misses you.
You hit the swamp worm.
The swamp worm is lightly wounded.
The spriggan rider hits you from afar with a +0 spear!
The swamp worm bites you but does no damage.
The swamp worm barely misses you. You furiously retaliate!
You headbutt the swamp worm! You impale the swamp worm!!
You kill the swamp worm!
Trog accepts your kill.
The swamp worm bites you but does no damage.
The spriggan rider hits you from afar with a +0 spear!
* * * LOW HITPOINT WARNING * * *
Blink to where?
Press: ? - help, Dir - move target
As you read the scroll of blinking, it crumbles to dust.
The swamp worm fires a harpoon shot at you.
The harpoon shot hits you!
* * * LOW HITPOINT WARNING * * *
You are yanked forward by the harpoon shot.
The spriggan rider hits you from afar with a +0 spear!
* * * LOW HITPOINT WARNING * * *
You barely miss the swamp worm. Your headbutt misses the swamp worm.
The swamp worm bites you but does no damage.
The spriggan rider hits you but does no damage.
You closely miss the swamp worm. Your headbutt misses the swamp worm.
The swamp worm bites you!
* * * LOW HITPOINT WARNING * * *
The spriggan rider hits you from afar with a +0 spear!
* * * LOW HITPOINT WARNING * * *
The swamp worm bites you!
You die...

#..~~♣♣♣♣..~. ###..
~..~...~~
....§♣.~§~~~~~~
....~...~§~~~. .
♣♣~♣.♣~~♣..~.~~~.
♣♣..~.~.~~~~.♣..!.
♣♣...~~~.~~.w~~~.~~
♣♣.~~~~~§.~.@.♣
....~~~~~~~.♣♣♣
~~.~§~~~..i~♣
~~.~.§.<~~D.♣
.~~..§.~.~~.♣
.~~♣♣.♣~...♣~♣ .
♣♣♣♣~♣♣.♣ ♣.♣ .♣
♣.♣ ♣


You could see a swamp dragon, a spriggan rider and a swamp worm.

Vanquished Creatures
  Gastronok (Lair:3)
  2 bunyips (Swamp:1)
  2 hydras
  A centaur warrior (D:13)
  An alligator (Lair:3)
  2 two-headed ogres (D:12)
  A soul eater (D:10)
  A sixfirhy (D:10)
  4 skeletal warriors (D:13)
  A bog body (Swamp:1)
  An orc knight (D:12)
  A will-o-the-wisp (Swamp:1)
  2 manticores (D:12)
  2 ugly things
  3 slime creatures (D:12)
  A torpor snail (Lair:1)
  A black mamba (Lair:1)
  A gargoyle (D:12)
  A smoke demon (D:10)
  3 cane toads
  2 komodo dragons
  A rime drake (Lair:2)
  3 kobold demonologists (D:13)
  5 trolls
  A red devil (D:10)
  2 polar bears
  6 hornets
  8 blink frogs (Lair:2)
  4 spriggans (Swamp:1)
  A vampire (D:12)
  A shadow (D:12)
  16 yaks
  2 ynoxinuls (D:10)
  A chaos spawn (D:10)
  3 wyverns
  A steam dragon (D:8)
  3 basilisks
  6 vampire mosquitoes
  4 swamp worms
  An acid dragon (D:11)
  10 water moccasins
  19 orc warriors
  A sky beast (D:6)
  2 black bears
  2 ogres
  The ghost of qborf the Vexing, an amateur MeHs (D:4)
  18 wolves (Lair:1)
  9 centaurs
  6 kobold brigands
  13 bullfrogs
  5 wights (D:10)
  A killer bee (D:8)
  7 howler monkeys
  A quasit (D:10)
  2 gnoll boudas
  6 hounds
  2 jellies
  7 orc priests
  5 iguanas
  10 orc wizards
  5 hell rats (Lair:2)
  13 gnolls
  9 adders
  A shadow imp (D:6)
  2 white imps
  4 dart slugs
  59 orcs
  10 bats
  5 endoplasms
  2 giant cockroaches
  8 goblins
  3 hobgoblins
  11 jackals (D:3)
  7 quokkas
  8 ball pythons
  7 frilled lizards
  20 kobolds
  6 rats
  A fungus (Lair:3)
411 creatures vanquished.

Vanquished Creatures (collateral kills)
  A soul eater (D:10)
1 creature vanquished.

Vanquished Creatures (others)
  20 demonic plants
  4 foxfires (Swamp:1)
  12 fungi
  9 plants
  22 withered plants (Gauntlet)
67 creatures vanquished.

Grand Total: 479 creatures vanquished

Notes
Turn   | Place    | Note
-------+----------+-------------------------------------------
     0 | D:1      | falawelle the Minotaur Berserker began the quest for the
                  | Orb.
     0 | D:1      | Reached XP level 1. HP: 19/19 MP: 0/0
   376 | D:1      | Reached XP level 2. HP: 27/27 MP: 1/1
   840 | D:1      | Found a faded altar of an unknown god.
   842 | D:1      | Found Baakumne's Antique Armour Boutique.
  1310 | D:1      | Reached ** piety under Trog
  1358 | D:1      | Reached XP level 3. HP: 30/33 MP: 2/2
  3277 | D:2      | Reached XP level 4. HP: 30/41 MP: 3/3
  4827 | D:3      | Reached XP level 5. HP: 41/47 MP: 4/4
  5171 | D:3      | Reached *** piety under Trog
  5860 | D:4      | Reached skill level 5 in Fighting
  5860 | D:4      | Reached skill level 5 in Axes
  5868 | D:4      | Reached XP level 6. HP: 56/56 MP: 5/5
  5879 | D:4      | Found a staircase to the Ecumenical Temple.
  5924 | D:4      | Found a radiant altar of Vehumet.
  6994 | D:4      | Found a blossoming altar of Fedhas.
  7126 | D:4      | Found a runed translucent door.
  7131 | D:4      | Noticed qborf's ghost (amateur MeHs)
  7213 | D:4      | Killed qborf's ghost
  7214 | D:4      | Reached skill level 5 in Armour
  7980 | D:5      | Entered Level 5 of the Dungeon
  8197 | D:5      | Identified the +8 quarterstaff of Deformation {freeze,
                  | Contam Drain rF+++ Dex+4}
  8217 | D:5      | Reached XP level 7. HP: 39/62 MP: 6/6
  9064 | D:5      | Found a sacrificial altar of Ru.
  9778 | D:5      | Found a shadowy altar of Dithmenos.
  9779 | D:5      | Found a hazy altar of Hepliaklqana.
  9780 | D:5      | Noticed a shadow
 10017 | D:6      | Reached XP level 8. HP: 54/73 MP: 7/7
 10292 | D:6      | Identified the +0 spear of Drought {flame, *Corrode rElec
                  | Dex+8}
 10335 | D:6      | Reached **** piety under Trog
 10549 | D:6      | Noticed a hornet
 10561 | D:6      | Killed a hornet
 10742 | D:6      | Found a basalt altar of Yredelemnul.
 10744 | D:6      | Noticed a profane servitor
 10863 | D:6      | Found a glowing golden altar of the Shining One.
 10866 | D:6      | Noticed an angel
 10901 | D:6      | Found a stormy altar of Qazlal.
 12313 | D:7      | Reached XP level 9. HP: 78/82 MP: 8/8
 12417 | D:7      | Found a glowing silver altar of Zin.
 13776 | D:8      | Found an iron altar of Okawaru.
 13776 | D:8      | Found a bloodstained altar of Trog.
 14191 | D:8      | Reached skill level 10 in Axes
 14193 | D:8      | Reached skill level 10 in Fighting
 14609 | D:8      | Reached XP level 10. HP: 54/94 MP: 9/9
 15446 | D:9      | Found a hide-covered altar of Uskayaw.
 15540 | D:9      | Found a staircase to the Lair.
 15571 | D:9      | Found a flagged portal.
 15574 | D:9      | Found a runed translucent gate.
 15575 | D:9      | Found a runed translucent gate.
 15576 | D:9      | Found a runed translucent gate.
 15585 | D:9      | Found an opulent altar of Gozag.
 15586 | D:9      | Noticed diceflayer's ghost (novice DsHu)
 15586 | D:9      | Noticed a deep elf pyromancer
 15587 | D:9      | Noticed a cyclops
 15810 | Bailey   | Entered a bailey
 17161 | D:10     | Entered Level 10 of the Dungeon
 17687 | D:10     | Noticed a soul eater
 18135 | D:10     | Killed a soul eater
 18340 | D:10     | Reached XP level 11. HP: 88/105 MP: 10/10
 18553 | D:10     | Noticed a sixfirhy
 18567 | D:10     | Killed a sixfirhy
 18725 | D:10     | Noticed a soul eater
 18742 | D:10     | Killed a soul eater
 18743 | D:10     | Reached skill level 10 in Armour
 20232 | D:12     | Found a gate leading to a gauntlet.
 20241 | Gauntlet | Entered a Gauntlet
 20241 | Gauntlet | Noticed a tengu warrior
 20241 | Gauntlet | Found a transporter.
 20241 | Gauntlet | Found a transporter.
 20246 | Gauntlet | Found a transporter.
 20257 | Gauntlet | Noticed a catoblepas
 20262 | Gauntlet | Found a transporter.
 20264 | Gauntlet | Noticed a soul eater
 20277 | Gauntlet | Found a transporter.
 20289 | Gauntlet | Found a transporter.
 20292 | Gauntlet | Noticed a sixfirhy
 20298 | Gauntlet | Noticed a sixfirhy
 20299 | Gauntlet | Noticed a sixfirhy
 20306 | Gauntlet | Found a transporter.
 20383 | Gauntlet | Found a transporter.
 20388 | Gauntlet | Found a transporter.
 20393 | Gauntlet | Noticed a soul eater
 20402 | Gauntlet | Found a transporter.
 20415 | Gauntlet | Found a transporter.
 20431 | Gauntlet | Found a transporter.
 20599 | Gauntlet | Found a transporter.
 20600 | Gauntlet | Found a transporter.
 20610 | Gauntlet | Found a transporter.
 20610 | Gauntlet | Noticed an oklob plant
 20612 | Gauntlet | Found a transporter.
 20704 | D:12     | Noticed a brown ugly thing
 20717 | D:12     | Killed a brown ugly thing
 21085 | D:12     | Noticed a two-headed ogre
 21093 | D:12     | Killed a two-headed ogre
 21486 | D:12     | Noticed a two-headed ogre
 21492 | D:12     | Killed a two-headed ogre
 21739 | D:12     | Noticed an orc knight
 21784 | D:12     | Killed an orc knight
 21986 | D:12     | Found a staircase to the Orcish Mines.
 22066 | D:12     | Reached XP level 12. HP: 87/118 MP: 4/11
 22544 | D:13     | Found Qip Xea's General Store.
 23023 | D:13     | Reached skill level 15 in Fighting
 23023 | D:13     | Reached skill level 15 in Axes
 23751 | D:13     | Noticed a centaur warrior
 23758 | D:13     | Killed a centaur warrior
 23862 | D:13     | Identified the +0 ring mail "Kusk" {Fly}
 23868 | D:13     | Identified the amulet "Wiojiwki" {RegenMP Will+ SInv}
 24605 | D:13     | Noticed a four-headed hydra
 25095 | Lair:1   | Entered Level 1 of the Lair of Beasts
 26806 | Lair:2   | Reached XP level 13. HP: 124/130 MP: 10/12
 28032 | Lair:3   | Noticed Gastronok
 28061 | Lair:3   | Killed Gastronok
 28277 | Lair:3   | Found a staircase to the Swamp.
 28289 | Swamp:1  | Entered Level 1 of the Swamp
 28293 | Swamp:1  | Noticed a bunyip
 28508 | Swamp:1  | Killed a bunyip
 29383 | Swamp:1  | Found a runed translucent door.
 29384 | Swamp:1  | Found a shimmering altar of Xom.
 29384 | Swamp:1  | Noticed Zachydoop's ghost (journeyman DsGl)
 29384 | Swamp:1  | Identified the +9 quarterstaff "Hydraslayer" {chaos, rN++}
 29400 | Swamp:1  | Noticed a bunyip
 29406 | Swamp:1  | Killed a bunyip
 29456 | Swamp:1  | You fall into a shaft and drop 1 floor!
 29469 | Swamp:2  | HP: 2/133 [spriggan rider/+0 spear (8)]
 29469 | Swamp:2  | Mangled by a swamp worm

Illustrated notes

Levels and vault maps discovered:
D:1:      minmay_arrival_widening_spiral_wide, layout_loops_corners,
          serial_shops, nicolae_lakefront_shop, ebering_ecumenical_altar_rust
D:2:      layout_basic
D:3:      layout_rooms, minmay_cut_off
D:4:      layout_basic, kennysheep_mini, vehumet_altar_wand_db,
          minmay_temple_entry_mini_moons, ebering_ghost_sewer_d
D:5:      layout_cave_pods, riverfiend_overflow_shadow_ancestor,
          nicolae_ru_path_of_blood
D:6:      layout_rooms, grunt_temple_overflow_holy_war, lemuel_tele_altar,
          minmay_fractal_squares_diagonal_5
D:7:      layout_cave_pools, zin_statuary
D:8:      layout_basic, grunt_temple_overflow_bloody_war, minmay_alternating_orb
D:9:      layout_cave_pools, nicolae_uskayaw_suspiria, dpeg_oklobed_lair,
          enter_bailey_2, ebering_ghost_gozag, corexii_leaking_fountain
D:10:     layout_loops_ring, serial_demonic, serial_demonic_d, serial_demonic_g,
          serial_demonic_b, serial_demonic_f, serial_demonic_e
D:11:     layout_basic
D:12:     layout_cave_pools, david_orc_5, gauntlet_entry_generic
D:13:     layout_basic, minmay_misc_feat_enclosed, minmay_shop_grid_forest,
          nicolae_hexahallways, corner_web_ring
Lair:1:   layout_chaotic_city
Lair:2:   layout_roguey, grunt_forest_small_clearing_treed,
          infiniplex_staircase_pool_2, grunt_megastairs_4
Lair:3:   layout_cave_pods, minmay_swamp_entry_reptiles,
          nicolae_spider_entry_tight_spaces, hellmonk_ghost_happy_afterlife,
          st_stairs_9, uniq_gastronok
Swamp:1:  layout_basic_swamp, ebering_ghost_xom, nicolae_swamp_oxbows
Swamp:2:  layout_falls_marsh, gammafunk_ghost_wrathful_warriors,
          evilmike_swamp_ruin_house_1, infiniplex_staircase_pool

Skill      XL: |  1  2  3  4  5  6  7  8  9 10 11 12 13 |
---------------+----------------------------------------+-----
Fighting       | 4 5 7 8 10 12 14 16 17 | 17.5
Axes           | 4 5 7 9 10 12 14 16 17 | 17.5
Armour         | 3 4 5 7 8 9 11 12 13 | 13.0
Dodging        | 3 4 |  4.7

Action                     |  1- 3 |  4- 6 |  7- 9 | 10-12 | 13-15 || total
---------------------------+-------+-------+-------+-------+-------++-------
  Melee: Hand axe          |   101 |   139 |    85 |       |       ||   325
         Headbutt          |    12 |    28 |    38 |   102 |    27 ||   207
         Punch             |       |     1 |       |       |       ||     1
         Battleaxe         |       |       |   135 |   496 |    92 ||   723
         Morningstar       |       |       |       |       |    18 ||    18
 Invoke: Trog's Hand       |       |     2 |     4 |    27 |     5 ||    38
         Berserk           |       |     2 |     3 |     5 |       ||    10
         Brothers in Arms  |       |       |       |     1 |       ||     1
    Use: Scroll            |     2 |    10 |     3 |    13 |     3 ||    31
         Potion            |       |       |       |     1 |     1 ||     2
   Stab: Distracted        |       |       |       |       |     1 ||     1
 Armour: Animal skin       |    15 |       |       |       |       ||    15
         Chain mail        |    21 |   113 |   164 |    65 |       ||   363
         Plate armour      |       |       |       |   290 |    91 ||   381
  Dodge: Dodged            |    55 |    76 |   156 |   295 |    59 ||   641
